 Dungeon Crawl Stone Soup version 0.29-a0-344-ge2f44be95a (webtiles) character file.

Game seed: 10984481521162767804

165 spaghetti the Caller (level 5, -7/35 HPs)
             Began as a Mummy Summoner on Apr 21, 2022.
             Mangled by Crazy Yiuf
             ... wielding a +2 quarterstaff of chaos
              (8 damage)
             ... on level 2 of the Dungeon.
             The game lasted 00:06:30 (3413 turns).

spaghetti the Caller (Mummy Summoner)               Turns: 3413, Time: 00:06:31

Health: -7/35      AC:  4    Str: 11    XL:     5   Next: 21%
Magic:  0/9        EV: 12    Int: 16    God:
Gold:   74         SH:  0    Dex: 13    Spells: 3/9 levels left

rFire   x . .      SeeInvis .   e - +0 whip {mace}
rCold   + . .      Faith    .   (no shield)
rNeg    + + +      Spirit   .   a - +0 robe
rPois   ∞          Reflect  .   i - +0 helmet
rElec   .          Harm     .   (no cloak)
rCorr   .          Rampage  .   (no gloves)
Will    .....                   k - +0 pair of boots
Stlth   ++........              (no amulet)
HPRegen 0.11/turn               (no ring)
MPRegen 0.11/turn               (no ring)

@: no status effects
A: cold resistance 1, negative energy resistance 3, torment resistance 2, heat
vulnerability 1, in touch with death 1, no potions
a: no special abilities


You were on level 2 of the Dungeon.
You visited 1 branch of the dungeon, and saw 3 of its levels.

You collected 74 gold pieces.


Innate Abilities, Weirdness & Mutations

You are immune to poison.
Your flesh is cold resistant. (rC+)
You are immune to negative energy. (rN+++)
You are immune to unholy pain and torment.
You are vulnerable to heat. (rF-)
You are in touch with the powers of death.
You do not drink.


   Skills:
 - Level 1.5 Dodging
 - Level 1.5 Stealth
 - Level 2.6 Spellcasting
 * Level 4.9 Summonings
 + Level 1.9 Air Magic


You had 3 spell levels left.
You knew the following spells:

 Your Spells              Type           Power      Damage    Failure   Level
a - Summon Small Mammal   Summ           72%        N/A       2%          1
b - Call Imp              Summ           18%        N/A       3%          2
c - Call Canine Familiar  Summ           18%        N/A       8%          3

Your spell library contained the following spells:

 Spells                   Type           Power      Damage    Failure   Level
 Summon Guardian Golem    Hex/Summ       10%        N/A       22%         3
 Summon Lightning Spire   Summ/Air       13%        N/A       43%         4

Inventory:

Hand Weapons
 c - a +0 dagger {short}
   (You found it on level 1 of the Dungeon)
 d - a +0 hand axe {axe}
   (You found it on level 1 of the Dungeon)
 e - a +0 whip (weapon) {mace}
   (You found it on level 1 of the Dungeon)
Missiles
 f - 152 stones (quivered) {throwing}
Armour
 a - a +0 robe (worn)
 i - a +0 helmet (worn)
   (You took it off Robin on level 2 of the Dungeon)
 k - a +0 pair of boots (worn)
   (You found it on level 2 of the Dungeon)
Scrolls
 b - 3 scrolls of identify {unknown}
 g - a scroll of fog {unknown}
 h - a scroll of noise {unknown}
 j - a scroll of holy word {unknown}

Dungeon Overview and Level Annotations

Branches:
Dungeon (3/15)

Altars:
Elyvilon

Shops:
D:1 =

Annotations:
D:2 Crazy Yiuf

####...#.#.).#..# #.##.# #
##..#.##.##..# #.##.###
#..#........# #.......
#...........# ####.###
##'#########.# #.# ##...##
###.##### #.# ##.....## #.......#
##.## ##.......## #.#.###.#
#...##
##.>.......###.<@g##.#######....#
.+.........'....#5rb.............
##.........###.....#.#######.....
##.......## #.#.#.#.# #.#.##
##.....## #.###.#.# #.####
##...######.......# #.####
##+##...#......### #...##
##.##.##!#..#### ###.#
#...#.#.###.## #.#


You could see Crazy Yiuf (ally target), a friendly crimson imp (summoned), a
friendly quokka (summoned) and a friendly bat (summoned).


Message History

You swap places.
Crazy Yiuf attacks as you move away!
Crazy Yiuf hits you with a +2 quarterstaff of chaos!
Crazy Yiuf freezes you.
Your hound closely misses Crazy Yiuf.
Crazy Yiuf hits your hound with a +2 quarterstaff of chaos!
Space warps around your hound. 😮 HP[-14]
You take 14 damage, and now have 21/35 hp.
MASSIVE DAMAGE!! (PAUSE)
You swap places.
Your hound bites Crazy Yiuf but does no damage.
Crazy Yiuf closely misses your hound.
Your crimson imp blinks!
Your hound barely misses Crazy Yiuf.
Casting: Call Imp (safe; 3% risk of failure)
Confirm with . or Enter, or press ? or * to list all spells.
Your hound bites Crazy Yiuf.
Crazy Yiuf yells, "Millenium hand sing-song!"
Crazy Yiuf barely misses your hound. 😮 MP[-1]
You lost 1 mp, and now have 3/9 mp.
What are your orders? t - Shout!
Orders for allies: a - Attack new target. r - Retreat! s - Stop attacking. g - Guard the area. f - Follow me.
Anything else - Cancel.
Gang up on whom?
Press: ? - help, Dir - move target, f - Crazy Yiuf
Aim: Crazy Yiuf, wielding a +2 quarterstaff of chaos and wearing a +2 cloak of stealth (lightly wounded, ally target) Attack!
Your hound closely misses Crazy Yiuf.
Crazy Yiuf hits your hound with a +2 quarterstaff of chaos.
Your hound dies!
Your hound's corpse disappears in a puff of smoke!
Your crimson imp closely misses Crazy Yiuf.
Casting: Summon Small Mammal (safe; 2% risk of failure)
Confirm with . or Enter, or press ? or * to list all spells.
You miscast Call Canine Familiar.
You are very lightly contaminated with residual magic.
Nothing appears to happen.
Crazy Yiuf hits your rat with a +2 quarterstaff of chaos!
Crazy Yiuf burns your rat.
Your rat dies!
Your rat's corpse disappears in a puff of smoke!
Your crimson imp closely misses Crazy Yiuf. 😮 HP[+1] MP[-3]
You lost 3 mp, and now have 0/9 mp. 😮 MP[+1] Crazy Yiuf screams, "Snower illywillydillykilly snockshim!"
Your magical contamination has completely faded away.
Casting: Call Canine Familiar (dangerous; 8% risk of failure)
Confirm with . or Enter, or press ? or * to list all spells.
😮 HP[+1] MP[-1]
You lost 1 mp, and now have 0/9 mp.
Your quokka bites Crazy Yiuf but does no damage. 😮 MP[+1]
Your quokka barely misses Crazy Yiuf.
Crazy Yiuf says, "Hack leg sizzlefizz!"
Your crimson imp disappears in a puff of smoke!
There is a white marble altar of Elyvilon here.
Crazy Yiuf whimpers, "Tonal!
Ghoul down sing."
Your quokka barely misses Crazy Yiuf.
Crazy Yiuf whimpers, "Cards verde fast!" 😮 HP[+1] 😮 MP[+1]
Your quokka bites Crazy Yiuf but does no damage.
Casting: Summon Small Mammal (safe; 2% risk of failure)
Confirm with . or Enter, or press ? or * to list all spells.
😮 MP[-1]
You lost 1 mp, and now have 1/9 mp.
Your bat closely misses Crazy Yiuf.
Crazy Yiuf attacks as you move away! Crazy Yiuf misses you.
Your quokka closely misses Crazy Yiuf.
Crazy Yiuf attacks as you move away! Crazy Yiuf closely misses you.
Crazy Yiuf attacks as you move away!
Crazy Yiuf closely misses you. 😮 HP[+1] Crazy Yiuf attacks as you move away!
Crazy Yiuf hits you with a +2 quarterstaff of chaos!
* * * LOW HITPOINT WARNING * * *
😨 HP[-10] MP[+1]
You take 10 damage, and now have 15/35 hp.
MASSIVE DAMAGE!! (PAUSE) Crazy Yiuf attacks as you move away!
Crazy Yiuf closely misses you.
Your quokka barely misses Crazy Yiuf.
Casting: Summon Small Mammal (safe; 2% risk of failure)
Confirm with . or Enter, or press ? or * to list all spells.
A beastly little devil appears in a puff of flame.
Crazy Yiuf hits you with a +2 quarterstaff of chaos.
* * * LOW HITPOINT WARNING * * *
You convulse!
* * * LOW HITPOINT WARNING * * *
😱 HP[-14] MP[-2]
You take 14 damage, and now have 1/35 hp.
MASSIVE DAMAGE!! (PAUSE)
You lost 2 mp, and now have 0/9 mp.
Your bat barely misses Crazy Yiuf.
Your quokka bites Crazy Yiuf but does no damage.
Your crimson imp barely misses Crazy Yiuf.
Crazy Yiuf attacks as you move away!
Crazy Yiuf hits you with a +2 quarterstaff of chaos!
You die...

Skill      XL: |  1  2  3 |
---------------+----------+-----
Summonings     | 4 |  4.9
Air Magic      | 1 |  1.9
Dodging        | |  1.5
Stealth        | |  1.5
Spellcasting   | |  2.6

Action                   |  1- 3 |  4- 6 || total
-------------------------+-------+-------++-------
Melee: Unarmed           |    14 |       ||    14
       Whip              |    47 |    38 ||    85
Throw: Stone             |    14 |     5 ||    19
 Cast: Summon Small Mamm |    49 |     3 ||    52
       Call Imp          |     8 |    10 ||    18
       Call Canine Famil |     7 |    11 ||    18
 Stab: Sleeping          |     4 |       ||     4
       Distracted        |     2 |       ||     2
Armor: Robe              |    16 |    11 ||    27
Dodge: Dodged            |    44 |    29 ||    73

Levels and vault maps discovered:
D:1:      ldierk_water_garden, layout_loops_ring, serial_shops, shop
D:2:      layout_loops_corners, ebering_ecumenical_altar_box, basic_altar,
          minmay_tripent, uniq_natasha, uniq_robin, uniq_crazy_yiuf_cottage
D:3:      layout_basic, gammafunk_ghost_abyssal_escape

Notes
Turn   | Place    | Note
-------+----------+-------------------------------------------
     0 | D:1      | spaghetti the Mummy Summoner began the quest for the Orb.
     0 | D:1      | Reached XP level 1. HP: 13/13 MP: 4/4
     0 | D:1      | magus.rc [v1.9.6]
   141 | D:1      | Found Jouhaal's Jewellery Shop.
   274 | D:1      | Reached XP level 2. HP: 19/19 MP: 2/5
   805 | D:1      | Learned a level 2 spell: Call Imp
  1382 | D:2      | Reached skill level 4 in Summonings
  1445 | D:2      | Gained mutation: You are in touch with the powers of death.
                  | [Mummy growth]
  1445 | D:2      | Reached XP level 3. HP: 21/24 MP: 5/7
  1526 | D:2      | Learned a level 3 spell: Call Canine Familiar
  1704 | D:2      | Noticed Robin
  1709 | D:2      | Reached skill level 1 in Air Magic
  1790 | D:2      | Killed Robin
  1917 | D:2      | Found a faded altar of an unknown god.
  1990 | D:2      | Reached XP level 4. HP: 27/30 MP: 2/8
  2512 | D:2      | Noticed Natasha
  2522 | D:2      | Killed Natasha
  2751 | D:2      | Found a runed translucent door.
  2752 | D:2      | Noticed Crazy Yiuf
  2780 | D:2      | Noticed Natasha
  2784 | D:2      | Killed Natasha
  2785 | D:2      | Reached XP level 5. HP: 35/35 MP: 3/9
  3055 | D:2      | Noticed Natasha
  3071 | D:2      | Killed Natasha
  3410 | D:2      | HP: 1/35 [Crazy Yiuf/+2 quarterstaff of chaos (8)]
  3413 | D:2      | Mangled by Crazy Yiuf

Vanquished Creatures
  A nameless horror (D:2)
  A dart slug (D:2)
  3 endoplasms
  3 giant cockroaches
  A goblin (D:2)
  2 hobgoblins (D:2)
  2 quokkas
  A bat (D:2)
  3 rats (D:1)
  A toadstool (D:1)
18 creatures vanquished.

Vanquished Creatures (collateral kills)
  Natasha (thrice) (D:2)
  Robin (D:2)
  2 adders (D:2)
  A dart slug (D:1)
  A ball python (D:2)
  4 endoplasms
  A giant cockroach (D:1)
  7 goblins
  6 hobgoblins
  3 jackals (D:2)
  3 kobolds
  3 quokkas
  A frilled lizard (D:1)
36 creatures vanquished.

Vanquished Creatures (others)
  3 toadstools (D:1)
3 creatures vanquished.

Grand Total: 57 creatures vanquished

Table legend:
 A = Non-vault XP
 B = Vault XP
 C = Vault XP percentage of total XP
 D = Non-vault monster count
 E = Vault monster count
 F = Vault count percentage of total count
                 A         B        C        D         E       F
            +---------+---------+-------+---------+---------+-------
      Total |     165 |      71 |  30.1 |      39 |      13 |  25.0
            +---------+---------+-------+---------+---------+-------
        D:1 |      34 |       0 |   0.0 |      18 |       0 |   0.0
        D:2 |     131 |      71 |  35.1 |      21 |      13 |  38.2
            +---------+---------+-------+---------+---------+-------

Illustrated notes

Table legend:
 A = Kills in this place as a percentage of kills in entire the game.
 B = Kills by you in this place as a percentage of kills by you in the entire game.
 C = Kills by friends in this place as a percentage of kills by friends in the entire game.
 D = Other kills in this place as a percentage of other kills in the entire game.
 E = Experience gained in this place as a percentage of experience gained in the entire game.
 F = Experience gained in this place divided by the number of levels of this place that you have seen.
                   A       B       C       D       E      F
               +-------+-------+-------+-------+-------+----------------------
         Total | 100.0 | 100.0 | 100.0 |   N/A | 100.0 |  78.7
       Dungeon | 100.0 | 100.0 | 100.0 |   N/A | 100.0 |  78.7
               +-------+-------+-------+-------+-------+----------------------

Table legend: (Time is in decaauts)
 A = Elapsed time spent in this place.
 B = Non-inter-level travel time spent in this place.
 C = Inter-level travel time spent in this place.
 D = Time resting spent in this place.
 E = Time spent auto-exploring this place.
 F = Levels seen in this place.
 G = Mean time per level.
                   A        B        C        D        E       F      G
               +--------+--------+--------+--------+--------+-----+--------+
         Total |   3423 |   3403 |     20 |    283 |   2472 |   3 | 1141.0 |
       Dungeon |   3423 |   3403 |     20 |    283 |   2472 |   3 | 1141.0 |
               +--------+--------+--------+--------+--------+-----+--------+

Top non-repeatable levels by time:
     D:2: 2057 daAuts
     D:1: 1313 daAuts
     D:3: 51 daAuts
